 Dungeon Crawl Stone Soup version 0.31.0-12-g77e489cdc1 (webtiles) character file.

Game seed: 2353459957126932956

100 leafyfresh the Magician (level 5, -7/35 HPs)
             Began as a Djinni Ice Elementalist on Feb 21, 2024.
             Mangled by an ice beast (10 damage)
             ... on level 3 of the Dungeon.
             The game lasted 00:03:30 (2163 turns).

leafyfresh the Magician (Djinni Ice Elementalist)   Turns: 2163, Time: 00:03:30

Health: -7/35      AC:  2    Str:  7    XL:     5   Next: 3%
Gold:   124        EV: 12    Int: 18    God:
                   SH:  0    Dex: 14

rFire   + + .        i - staff of death
rCold   x . .        (no shield)
rNeg    + . .        a - +0 robe
rPois   ∞            (no helmet)
rElec   .            (no cloak)
rCorr   .            (no gloves)
SInv    .            (boots unavailable)
Will    .....        (no amulet)
Stlth   ++           (no ring)
HPRegen 0.25/turn    (no ring)
MPRegen 0.00/turn

%: infuse magic (-8 HP)
@: flying
A: sickness immunity, fire resistance 2, cold vulnerability 1, float, innate
caster, HP casting, extra vitality 1
a: no special abilities


You were on level 3 of the Dungeon.
You visited 1 branch of the dungeon, and saw 3 of its levels.

You collected 124 gold pieces.

Inventory:

Missiles
 f - 3 datura-tipped darts (quivered)
Armour
 a - a +0 robe (worn)
Magical Staves
 i - a staff of death (weapon)
Scrolls
 b - a scroll of fog {unknown}
 d - a scroll of noise {unknown}
 e - 5 scrolls of identify {unknown}
 k - a scroll of enchant weapon {unknown}
Potions
 c - a potion of brilliance {unknown}
 g - 2 potions of resistance {unknown}
 h - a potion of enlightenment {unknown}
 j - a potion of haste {unknown}
 l - a potion of degeneration {unknown}


   Skills:
 - Level 2.1 Dodging
 - Level 1.5 Stealth
 + Level 5.0 Spellcasting
 + Level 5.0 Conjurations
 + Level 5.0 Hexes
   Level 0.0 Charms
 + Level 5.0 Summonings
 + Level 5.0 Necromancy
 + Level 5.0 Translocations
   Level 0.0 Transmutations
 + Level 5.0 Fire Magic
 + Level 5.0 Ice Magic
 + Level 5.0 Air Magic
 + Level 5.0 Earth Magic
 + Level 5.0 Alchemy


You knew the following spells:

 Your Spells              Type           Power      Damage    Failure   Level
a - Freeze                Ice            88%        1d9       1%          1
b - Frozen Ramparts       Ice            44%        1d7       4%          3
c - Ozocubu's Armour      Ice            22%        N/A       4%          3
d - Summon Ice Beast      Ice/Summ       22%        N/A       4%          3
e - Kiss of Death         Conj/Necr      100%       2d13      1%          1
f - Scorch                Fire           44%        2d6       2%          2
Your spell library was empty.

Dungeon Overview and Level Annotations

Branches:
Dungeon (3/15)

Altars:
Gozag


Innate Abilities, Weirdness & Mutations

You are immune to sickness and miasma.
You are immune to poison.
Your flesh is very heat resistant. (rF++)
You are vulnerable to cold. (rC-)
You float through the air rather than walking.
You learn spells naturally, not from books.
Your magical power is your life essence.
You have superior vitality. (+4 MHP)


Message History

HP restored.
Your icy armour cracks and falls away as you move.
Things that are here:
a +0 club; a +0 robe You see here a rat corpse.
An ice beast comes into view.
An ice beast is nearby!
An ice beast is nearby!
Casting: Freeze (safe; 1% risk of failure)
Confirm with . or Enter, or press ? or * to list all spells.
Okay, then.
Casting: Freeze (safe; 1% risk of failure)
Confirm with . or Enter, or press ? or * to list all spells.
Flames lash the ice beast.
The ice beast melts!
The ice beast is moderately wounded.
The ice beast's fire resistance burns away.
Unknown command.
Casting: Scorch (safe; 2% risk of failure)
Confirm with . or Enter, or press ? or * to list all spells.
Flames lash the ice beast but do no damage.
The ice beast hits you. The ice beast freezes you!
You feel a terrible chill!
Unknown command.
Unknown command.
Casting: Scorch (safe; 2% risk of failure)
Confirm with . or Enter, or press ? or * to list all spells.
Flames lash the ice beast.
The ice beast melts!
The ice beast is severely wounded.
The ice beast hits you. The ice beast freezes you!
You feel a terrible chill!
* * * LOW HITPOINT WARNING * * *
Unknown command.
Unknown command.
Casting: Scorch (safe; 2% risk of failure)
Confirm with . or Enter, or press ? or * to list all spells.
Flames lash the ice beast.
The ice beast melts!
The ice beast is almost dead.
* * * LOW HITPOINT WARNING * * *
The ice beast hits you.
* * * LOW HITPOINT WARNING * * *
The ice beast freezes you!
You feel a terrible chill!
You die...

#....##......#.
###..............
...............#
.........?.....#
...............#
...............#
.........Y...# ##
.........@...####
.#
#####.......(.#
####.#
#.........#
.....#.#
#.........#
#....#.#
###†......#
.....#.#
#.......#
#....#.#
#.#######
.....#.# #####.#
#.#..#.# #...).#


You could see an ice beast (combustible).

Vanquished Creatures
  Jessica (D:3)
  Robin (D:3)
  2 adders (D:2)
  A ribbon worm (D:2)
  A dart slug (D:1)
  2 bats
  5 endoplasms
  2 giant cockroaches
  7 goblins
  3 hobgoblins
  A quokka (D:2)
  3 ball pythons
  5 frilled lizards
  2 kobolds (D:2)
  5 rats
41 creatures vanquished.

Notes
Turn   | Place    | Note
-------+----------+-------------------------------------------
     0 | D:1      | leafyfresh the Djinni Ice Elementalist began the quest for
                  | the Orb.
     0 | D:1      | leafyfresh set off with the following spells memorised:
                  | Freeze, Frozen Ramparts, Ozocubu's Armour, Summon Ice
                  | Beast.
     0 | D:1      | Reached XP level 1. HP: 15/15 MP: 0/0
   107 | D:1      | Reached XP level 2. HP: 20/21 MP: 0/0
   676 | D:2      | Found a faded altar of an unknown god.
   741 | D:2      | Reached XP level 3. HP: 25/25 MP: 0/0
   741 | D:2      | Learned a level 1 spell: Kiss of Death
  1320 | D:2      | Reached XP level 4. HP: 24/29 MP: 0/0
  1993 | D:3      | Noticed Robin
  1997 | D:3      | Killed Robin
  2071 | D:3      | Found an opulent altar of Gozag.
  2098 | D:3      | Noticed Jessica
  2129 | D:3      | Killed Jessica
  2130 | D:3      | Reached skill level 5 in Spellcasting
  2130 | D:3      | Reached skill level 5 in Conjurations
  2130 | D:3      | Reached skill level 5 in Hexes
  2130 | D:3      | Reached skill level 5 in Summonings
  2130 | D:3      | Reached skill level 5 in Necromancy
  2130 | D:3      | Reached skill level 5 in Translocations
  2130 | D:3      | Reached skill level 5 in Fire Magic
  2130 | D:3      | Reached skill level 5 in Ice Magic
  2130 | D:3      | Reached skill level 5 in Air Magic
  2130 | D:3      | Reached skill level 5 in Earth Magic
  2130 | D:3      | Reached skill level 5 in Alchemy
  2130 | D:3      | Reached XP level 5. HP: 29/35 MP: 0/0
  2130 | D:3      | Learned a level 2 spell: Scorch
  2157 | D:3      | Noticed an ice beast
  2163 | D:3      | Mangled by an ice beast

Illustrated notes

Levels and vault maps discovered:
D:1:      mrwooster_arrival_statue_3, layout_basic
D:2:      layout_basic, basic_ecumenical_altar
D:3:      layout_basic, lemuel_crystal_altar, nicolae_kite_square_tiling_tiny,
          uniq_jessica, uniq_robin, uniq_grinder, uniq_sigmund, uniq_ijyb

Skill      XL: |  1  2  3  4 |
---------------+-------------+-----
Spellcasting   | 4 5 |  5.0
Conjurations   | 4 5 |  5.0
Hexes          | 4 5 |  5.0
Summonings     | 4 5 |  5.0
Necromancy     | 4 5 |  5.0
Translocations | 4 5 |  5.0
Fire Magic     | 4 5 |  5.0
Ice Magic      | 4 5 |  5.0
Air Magic      | 4 5 |  5.0
Earth Magic    | 4 5 |  5.0
Alchemy        | 4 5 |  5.0
Dodging        | |  2.1
Stealth        | |  1.5

Action                     |  1- 3 |  4- 6 || total
---------------------------+-------+-------++-------
  Melee: Unarmed           |     5 |       ||     5
         Staff             |     6 |     9 ||    15
  Throw: Dart              |     1 |       ||     1
   Cast: Freeze            |    42 |     2 ||    44
         Kiss of Death     |     1 |       ||     1
         Frozen Ramparts   |       |     7 ||     7
         Ozocubu's Armour  |       |     1 ||     1
         Scorch            |       |     4 ||     4
   Stab: Sleeping          |       |     1 ||     1
 Armour: Robe              |    22 |    10 ||    32
  Dodge: Dodged            |    31 |     6 ||    37
